 Dungeon Crawl Stone Soup version 0.17-a0-2109-g117576f (webtiles) character file.

163 Kidiri the Magician (level 5, 0/29 HPs)
             Began as a Deep Elf Fire Elementalist on Oct 19, 2015.
             Killed by divine providence
             ... invoked by an orc priest
              (12 damage)
             ... on level 3 of the Dungeon.
             The game lasted 00:12:49 (2972 turns).

Kidiri the Magician (Deep Elf Fire Elementalist)    Turns: 2972, Time: 00:12:49

Health: 0/29       AC:  5    Str:  5    XL:     5   Next: 20%
Magic:  1/13       EV: 12    Int: 21    God:
Gold:   144        SH:  0    Dex: 15    Spells: 4 memorised, 3 levels left

rFire  . . .     SeeInvis .     g - +0 spear
rCold  . . .     Clarity  .     k - +0 leather armour
rNeg   . . .     SustAt   .     (no shield)
rPois  .         Gourm    .     (no helmet)
rElec  .         Spirit   .     (no cloak)
rCorr  .         Warding  .     (no gloves)
rMut   .         Stasis   .     l - +1 pair of boots
MR     .....                    (no amulet)
Stlth  ++........               (no ring)
                                (no ring)

@: not resistant to hostile enchantments, unstealthy
A: no striking features
a: no special abilities


You were on level 3 of the Dungeon.
You were not hungry.

You visited 1 branch of the dungeon, and saw 3 of its levels.

You collected 144 gold pieces.

Inventory:

Hand Weapons
 g - a +0 spear (weapon)
Missiles
 n - 2 throwing nets (quivered)
Armour
 a - a +0 chain mail of cold resistance
 e - a +0 ring mail
 k - a +0 leather armour (worn)
 l - a +1 pair of boots (worn)
Jewellery
 t - an uncursed amulet of stasis
Wands
 r - a wand of frost (31)
 v - a wand of digging (2)
Scrolls
 i - a scroll of enchant armour {unknown}
 j - a scroll of remove curse
 o - a scroll of magic mapping {unknown}
 q - a scroll of recharging {unknown}
Potions
 f - a potion of cancellation
 h - 2 potions of curing
 m - 2 potions of haste {unknown}
 p - a potion of resistance {unknown}
 u - a potion of berserk rage {unknown}
Books
 b - a book of Flames

   Spells                             Type                      Level
   a - Flame Tongue                   Conjuration/Fire             1
   b - Throw Flame                    Conjuration/Fire             2
   c - Conjure Flame                  Conjuration/Fire             3
   d - Inner Flame                    Hexes/Fire                   3
   e - Sticky Flame                   Conjuration/Fire             4
   f - Fireball                       Conjuration/Fire             5
Comestibles
 c - a bread ration
 d - a chunk of flesh
 s - a fruit


   Skills:
 + Level 1.0 Fighting
 + Level 0.9 Polearms
 + Level 1.1 Armour
 + Level 3.2 Dodging
 + Level 3.3 Stealth
 * Level 4.2 Spellcasting
 + Level 1.9 Conjurations
 + Level 3.8 Fire Magic


You had 3 spell levels left.
You knew the following spells:

 Your Spells              Type           Power        Failure   Level  Hunger
a - Flame Tongue          Conj/Fire      ###..        10%         1    None
b - Throw Flame           Conj/Fire      ###...       12%         2    #......
c - Conjure Flame         Conj/Fire      ###.....     21%         3    ###....
d - Inner Flame           Hex/Fire       ##......     30%         3    ###....


Dungeon Overview and Level Annotations

Branches:
Dungeon (3/15)

Altars:
Ashenzari
Dithmenos
Yredelemnul


Message History

Something smites you!
Unknown command.
The orc priest closely misses you.
Your magical contamination has completely faded away.
Items here: )) [ †††
Casting: Flame Tongue
Confirm with . or Enter, or press ? or * to list all spells.
Aiming: Flame Tongue
Press: ? - help, Shift-Dir - straight line, f/p - orc priest
Aim: an orc priest, wielding a whip and wearing a leather armour (moderately wounded)
The flame tongue hits the orc priest.
The orc priest is heavily wounded.
The orc priest hits you with a whip.
* * * LOW HITPOINT WARNING * * *
Unknown command.
Drink which item? (? for menu, Esc to quit)
You feel better. The jackal misses you.
The orc priest mumbles some strange prayers to Beogh against you.
Something smites you!
You die...

##################
...oo.o...........
h#########....###
########h..)#
#......@o...#
#.######....#
#.#...##....#
#.#.#.##....#
#.#.#.##....#
#.#.#.###.###
#.#<#.###.#
#.#.....#.#########
#.#.#...#....(....#


You could see an orc priest and a jackal.

Vanquished Creatures
  An orc wizard (D:3)
  5 gnolls
  3 adders
  2 giant geckos
  7 orcs (D:3)
  A ball python (D:2)
  3 giant cockroaches
  6 goblins
  4 hobgoblins
  5 jackals (D:3)
  4 kobolds
  5 bats
  2 giant newts
  3 rats
51 creatures vanquished.

Notes
Turn   | Place    | Note
--------------------------------------------------------------
     0 | D:1      | Kidiri the Deep Elf Fire Elementalist began the quest for the Orb.
     0 | D:1      | Reached XP level 1. HP: 10/10 MP: 6/6
   395 | D:1      | Reached XP level 2. HP: 15/15 MP: 5/8
   399 | D:1      | Learned a level 2 spell: Throw Flame
   773 | D:1      | Reached XP level 3. HP: 13/20 MP: 1/9
   778 | D:1      | Learned a level 3 spell: Conjure Flame
  1748 | D:2      | Reached XP level 4. HP: 12/24 MP: 1/11
  1843 | D:2      | Learned a level 3 spell: Inner Flame
  2262 | D:2      | Found a basalt altar of Yredelemnul.
  2262 | D:2      | Found a shattered altar of Ashenzari.
  2442 | D:3      | Found a shadowy altar of Dithmenos.
  2529 | D:3      | Reached skill level 4 in Spellcasting
  2598 | D:3      | Reached skill level 1 in Armour
  2719 | D:3      | Reached skill level 1 in Fighting
  2719 | D:3      | Reached XP level 5. HP: 20/29 MP: 0/13
  2972 | D:3      | Killed from afar by an orc priest

Vault maps used:
D:1:      ncdulo_watergridlock, minmay_strange_pillars, minmay_crystal_room
D:2:      kennysheep_big_flooded_room, gammafunk_temple_overflow_elements
D:3:      grunt_dithmenos_smoke

Action                   |  1- 3 |  4- 6 || total
-------------------------+-------+-------++-------
Melee: Spear             |     4 |    18 ||    22
 Cast: Flame Tongue      |    26 |    17 ||    43
       Throw Flame       |    18 |    31 ||    49
  Use: Scroll            |     2 |     1 ||     3
       Potion            |       |     1 ||     1
 Stab: Sleeping          |     3 |     1 ||     4
  Eat: Chunk             |     3 |     1 ||     4
       Bread ration      |       |     1 ||     1
